Devils vs Panthers
Created - February 13, 2020 at 19:44
Goals
|
| Devils |
2 |
0 |
0 |
2 |
| Panthers |
1 |
2 |
0 |
3 |
|
Shots
|
| Devils |
16 |
10 |
5 |
31 |
| Panthers |
10 |
10 |
8 |
28 |
|
1st period
1. Devils , Johnny Gaudreau 31 (Tobias Enstrom 11, Tyler Seguin 25) at 9:54
2. Panthers , Alex Galchenyuk 22 (Matt Duchene 35) at 10:14
3. Devils , Johnny Gaudreau 32 (Tyler Seguin 26) at 11:42 (PP)
Penalties :
David Booth (Flo) for High sticking (Minor) at 3:28, Chad Larose (Flo) for Hooking (Minor) at 10:56, Lubomir Visnovsky (Flo) for Slashing (Minor) at 15:47
2nd period
4. Panthers , Linus Omark 2 (Lubomir Visnovsky 1) at 2:03
5. Panthers , Travis Zajac 14 (David Booth 12) at 17:08
Penalties :
Tyler Seguin (NJD) for Tripping (Minor) at 3:02, David Booth (Flo) for Hooking (Minor) at 10:17
3rd period
No Goal
Penalties :
Brady Skjei (NJD) for Hooking (Minor) at 10:20, Tyler Bozak (NJD) for Elbowing (Minor) at 12:51, Brandon Burlon (NJD) for Tripping (Minor) at 17:45
Goalie Stats
Keith Kinkaid (NJD), 25 saves from 28 shots - (0.893), L, 4-4-0, 59:54 minutes
Petr Mrazek (Flo), 29 saves from 31 shots - (0.935), W, 17-13-2, 60:00 minutes
Players Stats for Devils
Player Name G A P +/- PIM S H SB GA TA FO MP PP MP PK MP
------------------------------------------------------------------------------------
Anthony Stewart 0 0 0 0 0 0 2 0 0 0 0/0 9:34 2:34 0:00
Brady Skjei 0 0 0 -2 2 0 1 0 0 2 0/0 21:48 4:17 0:00
Brandon Burlon 0 0 0 0 2 0 0 1 0 0 0/0 11:22 0:00 0:45
Gabriel Landeskog 0 0 0 0 0 2 1 0 0 0 0/0 18:15 0:00 4:16
Johnny Gaudreau 2 0 2 -1 0 5 1 1 3 0 0/3 19:26 4:09 2:00
Jordan Caron 0 0 0 -1 0 1 0 0 0 0 0/0 11:32 0:00 0:00
Kellan Lain 0 0 0 -1 0 3 2 1 1 0 0/0 15:23 2:34 1:38
Kevin Porter 0 0 0 -1 0 2 1 2 0 0 2/5 13:32 0:00 2:18
Ladislav Smid 0 0 0 0 0 2 0 0 0 0 0/0 14:28 0:00 4:03
Marian Hossa 0 0 0 0 0 1 5 0 0 1 1/1 17:20 3:43 0:00
Riley Sheahan 0 0 0 0 0 4 1 0 2 0 3/8 20:20 2:15 4:10
Rostislav Olesz 0 0 0 0 0 1 2 0 0 0 0/0 8:13 0:39 0:40
Shea Weber 0 0 0 0 0 4 2 2 1 0 0/0 23:35 4:17 3:15
Tobias Enstrom 0 1 1 0 0 1 3 2 1 0 0/0 23:48 2:26 2:54
Travis Hamonic 0 0 0 -2 0 1 1 0 0 1 0/0 24:41 2:26 4:17
Tyler Bozak 0 0 0 0 2 0 0 0 0 0 1/2 7:32 0:00 0:16
Tyler Seguin 0 2 2 -1 2 3 2 0 1 0 12/32 18:44 4:15 1:12
Viktor Arvidsson 0 0 0 -1 0 1 0 0 0 0 0/0 12:27 0:00 0:00
Players Stats for Panthers
Player Name G A P +/- PIM S H SB GA TA FO MP PP MP PK MP
------------------------------------------------------------------------------------
Alex Galchenyuk 1 0 1 0 0 3 1 0 0 0 0/0 19:23 3:58 0:26
Brandon Gormley 0 0 0 0 0 0 1 0 0 0 0/0 18:01 3:45 0:43
Chad Larose 0 0 0 1 2 3 0 0 0 0 0/0 18:07 0:02 3:28
Daniel Paille 0 0 0 0 0 0 1 0 0 0 0/0 7:35 0:49 0:00
David Booth 0 1 1 1 4 0 0 0 0 0 0/1 17:08 3:05 0:00
Drew Stafford 0 0 0 1 0 1 1 0 0 0 0/0 15:12 3:45 2:26
Erik Gudbranson 0 0 0 2 0 3 1 0 1 1 0/0 26:34 4:25 3:34
Kyle Wellwood 0 0 0 0 0 4 2 0 0 0 2/3 9:47 0:48 2:26
Linus Omark 1 0 1 1 0 1 2 0 0 0 0/0 9:47 0:04 0:00
Lubomir Visnovsky 0 1 1 0 2 0 0 0 1 2 0/0 17:00 0:20 2:26
Marek Svatos 0 0 0 0 0 6 2 1 1 1 1/1 19:18 3:58 0:23
Matt Duchene 0 1 1 0 0 2 1 0 0 0 12/19 19:13 4:03 0:00
Matt Irwin 0 0 0 0 0 0 1 1 0 1 0/0 15:25 3:11 0:00
Patrick Eaves 0 0 0 0 0 2 0 0 0 0 0/0 6:51 0:11 0:00
Stephen Weiss 0 0 0 1 0 0 1 1 0 0 2/3 9:33 0:05 0:00
Steve Montador 0 0 0 0 0 0 0 1 0 2 0/0 17:06 0:00 3:09
Taylor Chorney 0 0 0 2 0 2 0 1 1 1 0/0 26:03 4:11 3:34
Travis Zajac 1 0 1 1 0 1 3 0 0 1 15/24 21:10 3:00 4:17
3 Stars
1 - Johnny Gaudreau (NJD)
2 - Travis Zajac (Flo)
3 - Linus Omark (Flo)
Power Play
Devils - 1 on 4 Attempt(s) - 25.00%
Panthers - 0 on 4 Attempt(s) - 0.00%
Penalty Kill
Devils - 4 on 4 Attempt(s) - 100.00%
- Score 0 goal in Penalty Kill
Panthers - 3 on 4 Attempt(s) - 75.00%
- Score 0 goal in Penalty Kill
Team Stat
Devils - Hits : 24 - Faceoff Wins : 19 - Blocked Shots : 9 - Penalty Minutes : 8
Panthers - Hits : 17 - Faceoff Wins : 32 - Blocked Shots : 5 - Penalty Minutes : 8
Official
Referees : Unknown
Linesman : Unknown
Game Notes
No Game Note
Finance
Level 1 -- Attendance: 4525 (75.42%) -- Ticket Income $533,950
Level 2 -- Attendance: 3796 (75.92%) -- Ticket Income $265,720
Level 3 -- Attendance: 1608 (80.40%) -- Ticket Income $69,144
Level 4 -- Attendance: 3019 (75.48%) -- Ticket Income $102,646
Luxury Box -- Attendance: 816 (81.60%) -- Ticket Income $159,120
Game was played at the Bank Atlantic Cente.
Total Attendance: 13764 (76.47%)
Total Ticket Income: $1,130,580
Other Income: $169,587
Total Income: $1,300,167
Devils
5 vs 5 Forward
Center Left Wing Right Wing Time % Phy DF OF
1 Tyler Seguin Johnny Gaudreau Viktor Arvidsson 40 1 2 2
2 Riley Sheahan Gabriel Landeskog Marian Hossa 30 1 2 2
3 Kevin Porter Kellan Lain Jordan Caron 20 1 2 2
4 Tyler Bozak Rostislav Olesz Anthony Stewart 10 1 2 2
5 vs 5 Defense
Defense Defense Time % Phy DF OF
1 Travis Hamonic Brady Skjei 40 1 2 2
2 Shea Weber Tobias Enstrom 30 1 2 2
3 Ladislav Smid Brandon Burlon 20 1 2 2
4 Travis Hamonic Tobias Enstrom 10 1 2 2
PowerPlay Forward
Center Left Wing Right Wing Time % Phy DF OF
1 Tyler Seguin Johnny Gaudreau Marian Hossa 60 1 2 2
2 Riley Sheahan Kellan Lain Anthony Stewart 40 1 2 2
PowerPlay Defense
Defense Defense Time % Phy DF OF
1 Shea Weber Brady Skjei 60 1 2 2
2 Tobias Enstrom Travis Hamonic 40 1 2 2
Penalty Kill 4 Players Forward
Center Wing Time % Phy DF OF
1 Riley Sheahan Gabriel Landeskog 60 1 2 2
2 Kevin Porter Kellan Lain 40 1 2 2
Penalty Kill 4 Players Defense
Defense Defense Time % Phy DF OF
1 Travis Hamonic Shea Weber 60 1 2 2
2 Tobias Enstrom Ladislav Smid 40 1 2 2
Penalty Kill - 3 Players Forward
Forward Time % Phy DF OF
1 Gabriel Landeskog 60 1 2 2
2 Kevin Porter 40 1 2 2
Penalty Kill - 3 Players Defense
Defense Defense Time % Phy DF OF
1 Travis Hamonic Shea Weber 60 1 2 2
2 Tobias Enstrom Ladislav Smid 40 1 2 2
4 vs 4 Forward
Center Wing Time % Phy DF OF
1 Tyler Seguin Gabriel Landeskog 60 1 2 2
2 Johnny Gaudreau Viktor Arvidsson 40 1 2 2
4 vs 4 Defense
Defense Defense Time % Phy DF OF
1 Travis Hamonic Shea Weber 60 1 2 2
2 Tobias Enstrom Brady Skjei 40 1 2 2
Last Minutes Offensive
Center Left Wing Right Wing Defense Defense
Tyler Seguin Johnny Gaudreau Viktor Arvidsson Travis Hamonic Shea Weber
Last Minutes Defensive
Center Left Wing Right Wing Defense Defense
Riley Sheahan Gabriel Landeskog Marian Hossa Travis Hamonic Shea Weber
Goaltenders
Starting : Keith Kinkaid
Backup : Antti Niemi
Extra Forwards
Normal : Gabriel Landeskog, Rostislav Olesz, Kevin Porter - PP : Gabriel Landeskog, Rostislav Olesz - PK : Kevin Porter
Extra Defensemen
Normal : Brady Skjei, Ladislav Smid, Tobias Enstrom - PP : Brady Skjei - PK : Ladislav Smid, Tobias Enstrom
Penalty Shots
Tyler Seguin, Viktor Arvidsson, Johnny Gaudreau, Riley Sheahan, Gabriel Landeskog
Scratches
Radko Gudas (Back Spasms Injury)
Panthers
5 vs 5 Forward
Center Left Wing Right Wing Time % Phy DF OF
1 Matt Duchene Alex Galchenyuk Marek Svatos 40 0 2 3
2 Travis Zajac David Booth Chad Larose 30 0 2 3
3 Stephen Weiss Linus Omark Drew Stafford 20 0 3 2
4 Kyle Wellwood Daniel Paille Patrick Eaves 10 1 2 2
5 vs 5 Defense
Defense Defense Time % Phy DF OF
1 Erik Gudbranson Taylor Chorney 40 0 2 3
2 Steve Montador Brandon Gormley 30 0 2 3
3 Matt Irwin Lubomir Visnovsky 20 0 3 2
4 Erik Gudbranson Taylor Chorney 10 0 2 3
PowerPlay Forward
Center Left Wing Right Wing Time % Phy DF OF
1 Matt Duchene Alex Galchenyuk Marek Svatos 60 0 1 4
2 Travis Zajac David Booth Drew Stafford 40 0 1 4
PowerPlay Defense
Defense Defense Time % Phy DF OF
1 Erik Gudbranson Taylor Chorney 60 0 2 3
2 Matt Irwin Brandon Gormley 40 0 2 3
Penalty Kill 4 Players Forward
Center Wing Time % Phy DF OF
1 Travis Zajac Chad Larose 60 1 3 1
2 Kyle Wellwood Drew Stafford 40 1 3 1
Penalty Kill 4 Players Defense
Defense Defense Time % Phy DF OF
1 Erik Gudbranson Taylor Chorney 60 1 4 0
2 Lubomir Visnovsky Steve Montador 40 1 4 0
Penalty Kill - 3 Players Forward
Forward Time % Phy DF OF
1 Chad Larose 60 1 3 1
2 Drew Stafford 40 1 3 1
Penalty Kill - 3 Players Defense
Defense Defense Time % Phy DF OF
1 Erik Gudbranson Taylor Chorney 60 1 4 0
2 Lubomir Visnovsky Steve Montador 40 1 4 0
4 vs 4 Forward
Center Wing Time % Phy DF OF
1 Matt Duchene Alex Galchenyuk 60 0 2 3
2 Travis Zajac David Booth 40 0 2 3
4 vs 4 Defense
Defense Defense Time % Phy DF OF
1 Erik Gudbranson Taylor Chorney 60 0 2 3
2 Steve Montador Brandon Gormley 40 1 2 2
Last Minutes Offensive
Center Left Wing Right Wing Defense Defense
Matt Duchene Alex Galchenyuk Marek Svatos Erik Gudbranson Taylor Chorney
Last Minutes Defensive
Center Left Wing Right Wing Defense Defense
Travis Zajac Linus Omark Chad Larose Erik Gudbranson Taylor Chorney
Goaltenders
Starting : Petr Mrazek
Backup : Braden Holtby
Extra Forwards
Normal : David Booth, Alex Galchenyuk, Matt Duchene - PP : David Booth, Alex Galchenyuk - PK : Marek Svatos
Extra Defensemen
Normal : Brandon Gormley, Taylor Chorney, Erik Gudbranson - PP : Brandon Gormley - PK : Brandon Gormley, Taylor Chorney
Penalty Shots
Alex Galchenyuk, Kyle Wellwood, Daniel Paille, Travis Zajac, David Booth
Scratches
Christian Ehrhoff (Healthy), Jonathan Sigalet (Separated Left Shoulder Injury)
% Time on Ice - Devils
Lines # - Real PCT - Wanted PCT - Time Play
Normal Forward
1 - 29% - 40% - 13:06
2 - 31% - 30% - 13:58
3 - 25% - 20% - 11:11
4 - 15% - 10% - 6:54
Normal Defense
1 - 37% - 40% - 16:37
2 - 36% - 30% - 16:06
3 - 23% - 20% - 10:35
4 - 4% - 10% - 1:51
PP Forward
1 - 62% - 60% - 4:09
2 - 38% - 40% - 2:34
PP Defense
1 - 64% - 60% - 4:17
2 - 36% - 40% - 2:26
PK Forward
1 - 79% - 60% - 6:18
2 - 21% - 40% - 1:38
PK Defense
1 - 65% - 60% - 5:08
2 - 35% - 40% - 2:48
PK3 Forward
1 - 0% - 60%
2 - 0% - 40%
PK3 Defense
1 - 0% - 60%
2 - 0% - 40%
44 Forward
1 - 0% - 60%
2 - 0% - 40%
44 Defense
1 - 0% - 60%
2 - 0% - 40%
Last Minute Offensive - 0:12
Last Minute Defensive - 0:00
Total
Forward - 60:00
Defense - 60:00
|
% Time on Ice - Panthers
Lines # - Real PCT - Wanted PCT - Time Play
Normal Forward
1 - 34% - 40% - 15:20
2 - 30% - 30% - 13:43
3 - 21% - 20% - 9:28
4 - 15% - 10% - 6:35
Normal Defense
1 - 37% - 40% - 16:31
2 - 31% - 30% - 14:07
3 - 28% - 20% - 12:41
4 - 4% - 10% - 1:47
PP Forward
1 - 58% - 60% - 4:34
2 - 42% - 40% - 3:22
PP Defense
1 - 53% - 60% - 4:11
2 - 47% - 40% - 3:45
PK Forward
1 - 64% - 60% - 4:17
2 - 36% - 40% - 2:26
PK Defense
1 - 53% - 60% - 3:34
2 - 47% - 40% - 3:09
PK3 Forward
1 - 0% - 60%
2 - 0% - 40%
PK3 Defense
1 - 0% - 60%
2 - 0% - 40%
44 Forward
1 - 0% - 60%
2 - 0% - 40%
44 Defense
1 - 0% - 60%
2 - 0% - 40%
Last Minute Offensive - 0:00
Last Minute Defensive - 0:15
Total
Forward - 60:00
Defense - 60:00
|
Play-by-Play
1st period
0:01 of 1st period - Tyler Seguin wins face-off versus Matt Duchene in neutral zone.
0:11 of 1st period - Snap shot by Johnny Gaudreau.
0:11 of 1st period - Stopped by Petr Mrazek with a rebound.
0:13 of 1st period - Slapshot by Travis Hamonic.
0:13 of 1st period - Stopped by Petr Mrazek with a rebound.
0:15 of 1st period - Snap shot by Tyler Seguin.
0:15 of 1st period - Stopped by Petr Mrazek with a rebound.
0:50 of 1st period - Steve Montador is hit by Tobias Enstrom and loses puck.
1:12 of 1st period - Off-side.
1:13 of 1st period - Kyle Wellwood wins face-off versus Tyler Bozak in neutral zone.
1:16 of 1st period - Snap shot by Patrick Eaves.
1:16 of 1st period - Stopped by Keith Kinkaid without a rebound.
1:17 of 1st period - Marek Svatos wins face-off versus Johnny Gaudreau in Devils zone.
1:44 of 1st period - Snap shot by Chad Larose.
1:44 of 1st period - Stopped by Keith Kinkaid with a rebound.
2:46 of 1st period - Erik Gudbranson is hit by Shea Weber and loses puck.
3:05 of 1st period - Chad Larose is hit by Marian Hossa and loses puck.
3:28 of 1st period - Minor Penalty to David Booth for High sticking.
3:29 of 1st period - Travis Zajac wins face-off versus Tyler Seguin in Panthers zone.
4:03 of 1st period - Snap shot by Kyle Wellwood.
4:03 of 1st period - Stopped by Keith Kinkaid without a rebound.
4:04 of 1st period - Tyler Seguin wins face-off versus Kyle Wellwood in Devils zone.
4:12 of 1st period - Icing by Tyler Seguin.
4:13 of 1st period - Travis Zajac wins face-off versus Tyler Seguin in Devils zone.
4:14 of 1st period - Slapshot by Chad Larose.
4:14 of 1st period - Stopped by Keith Kinkaid without a rebound.
4:15 of 1st period - Tyler Seguin wins face-off versus Travis Zajac in Devils zone.
5:25 of 1st period - Taylor Chorney is hit by Tyler Seguin and loses puck.
5:28 of 1st period - Penalty to David Booth is over, David Booth is back on ice.
6:37 of 1st period - Matt Duchene is hit by Kevin Porter.
6:49 of 1st period - Johnny Gaudreau is hit by Brandon Gormley and loses puck.
7:04 of 1st period - Snap shot by Marian Hossa.
7:04 of 1st period - Stopped by Petr Mrazek with a rebound.
7:16 of 1st period - Anthony Stewart is hit by Daniel Paille and loses puck.
7:49 of 1st period - Icing by Matt Irwin.
7:50 of 1st period - Kevin Porter wins face-off versus Stephen Weiss in Panthers zone.
7:53 of 1st period - Slapshot by Kellan Lain.
7:53 of 1st period - Stopped by Petr Mrazek with a rebound.
7:55 of 1st period - Slapshot by Brandon Burlon.
7:55 of 1st period - Deflect By Kellan Lain.
7:55 of 1st period - Shot Blocked by Stephen Weiss.
7:55 of 1st period - Puck is out of play.
7:56 of 1st period - Stephen Weiss wins face-off versus Kevin Porter in Panthers zone.
8:03 of 1st period - Wrist shot by Drew Stafford.
8:03 of 1st period - Stopped by Keith Kinkaid without a rebound.
8:04 of 1st period - Tyler Seguin wins face-off versus Matt Duchene in Devils zone.
9:44 of 1st period - Slapshot by Johnny Gaudreau.
9:44 of 1st period - Stopped by Petr Mrazek with a rebound.
9:46 of 1st period - Snap shot by Viktor Arvidsson.
9:46 of 1st period - Shot Misses the Net.
9:48 of 1st period - Slapshot by Johnny Gaudreau.
9:48 of 1st period - Shot Blocked by Matt Irwin.
9:50 of 1st period - Wrist shot by Tyler Seguin.
9:50 of 1st period - Stopped by Petr Mrazek with a rebound.
9:52 of 1st period - Snap shot by Tobias Enstrom.
9:52 of 1st period - Stopped by Petr Mrazek with a rebound.
9:54 of 1st period - Slapshot by Johnny Gaudreau.
9:54 of 1st period - Goal by Johnny Gaudreau - Devils : 1 - Panthers : 0.
9:55 of 1st period - Marian Hossa wins face-off versus Travis Zajac in neutral zone.
10:08 of 1st period - Snap shot by Chad Larose.
10:08 of 1st period - Shot Misses the Net.
10:10 of 1st period - Snap shot by Chad Larose.
10:10 of 1st period - Stopped by Keith Kinkaid without a rebound.
10:11 of 1st period - Matt Duchene wins face-off versus Tyler Seguin in Devils zone.
10:14 of 1st period - Snap shot by Alex Galchenyuk.
10:14 of 1st period - Goal by Alex Galchenyuk - Devils : 1 - Panthers : 1.
10:15 of 1st period - Matt Duchene wins face-off versus Tyler Seguin in neutral zone.
10:56 of 1st period - Minor Penalty to Chad Larose for Hooking.
10:57 of 1st period - Travis Zajac wins face-off versus Tyler Seguin in Panthers zone.
11:26 of 1st period - Slapshot by Shea Weber.
11:26 of 1st period - Stopped by Petr Mrazek without a rebound.
11:27 of 1st period - Tyler Seguin wins face-off versus Travis Zajac in Panthers zone.
11:42 of 1st period - Snap shot by Johnny Gaudreau.
11:42 of 1st period - Goal by Johnny Gaudreau - Devils : 2 - Panthers : 1.
11:43 of 1st period - Matt Duchene wins face-off versus Tyler Seguin in neutral zone.
12:40 of 1st period - Slapshot by Anthony Stewart.
12:40 of 1st period - Shot Misses the Net.
13:12 of 1st period - Slapshot by Taylor Chorney.
13:12 of 1st period - Stopped by Keith Kinkaid with a rebound.
13:14 of 1st period - Backhand shot by Erik Gudbranson.
13:14 of 1st period - Shot Hit the Post.
13:16 of 1st period - Snap shot by Marek Svatos.
13:16 of 1st period - Stopped by Keith Kinkaid with a rebound.
13:18 of 1st period - Wrist shot by Marek Svatos.
13:18 of 1st period - Shot Misses the Net.
13:20 of 1st period - Snap shot by Marek Svatos.
13:20 of 1st period - Stopped by Keith Kinkaid with a rebound.
13:34 of 1st period - Wrist shot by Marian Hossa.
13:34 of 1st period - Deflect By Riley Sheahan.
13:34 of 1st period - Stopped by Petr Mrazek without a rebound.
13:35 of 1st period - Travis Zajac wins face-off versus Riley Sheahan in Panthers zone.
13:50 of 1st period - Wrist shot by Riley Sheahan.
13:50 of 1st period - Stopped by Petr Mrazek without a rebound.
13:51 of 1st period - Tyler Seguin wins face-off versus Matt Duchene in Panthers zone.
14:46 of 1st period - Brandon Gormley is hit by Tobias Enstrom and loses puck.
14:57 of 1st period - Wrist shot by Gabriel Landeskog.
14:57 of 1st period - Stopped by Petr Mrazek without a rebound.
14:58 of 1st period - Stephen Weiss wins face-off versus Johnny Gaudreau in Panthers zone.
15:47 of 1st period - Minor Penalty to Lubomir Visnovsky for Slashing.
15:48 of 1st period - Tyler Seguin wins face-off versus Travis Zajac in Panthers zone.
15:57 of 1st period - Snap shot by Tyler Seguin.
15:57 of 1st period - Shot Misses the Net.
15:59 of 1st period - Slapshot by Shea Weber.
15:59 of 1st period - Stopped by Petr Mrazek with a rebound.
16:13 of 1st period - Shea Weber is hit by Drew Stafford and loses puck.
16:39 of 1st period - Drew Stafford is hit by Kellan Lain and loses puck.
17:08 of 1st period - Wrist shot by Kellan Lain.
17:08 of 1st period - Stopped by Petr Mrazek without a rebound.
17:09 of 1st period - Travis Zajac wins face-off versus Tyler Seguin in Panthers zone.
17:47 of 1st period - Penalty to Lubomir Visnovsky is over, Lubomir Visnovsky is back on ice.
18:18 of 1st period - Lubomir Visnovsky is hit by Rostislav Olesz and loses puck.
19:26 of 1st period - Off-side.
19:27 of 1st period - Riley Sheahan wins face-off versus Travis Zajac in neutral zone.
Goals for this period are 2 for Devils vs 1 for Panthers.
Shots for this period are 16 for Devils vs 10 for Panthers.
2nd period
0:01 of 2nd period - Matt Duchene wins face-off versus Johnny Gaudreau in neutral zone.
0:26 of 2nd period - Chad Larose is hit by Riley Sheahan and loses puck.
0:53 of 2nd period - Snap shot by Kevin Porter.
0:53 of 2nd period - Deflect By Linus Omark.
0:53 of 2nd period - Stopped by Petr Mrazek with a rebound.
0:55 of 2nd period - Slapshot by Travis Hamonic.
0:55 of 2nd period - Shot Blocked by Steve Montador.
0:57 of 2nd period - Snap shot by Kevin Porter.
0:57 of 2nd period - Stopped by Petr Mrazek with a rebound.
1:09 of 2nd period - Snap shot by Tyler Seguin.
1:09 of 2nd period - Stopped by Petr Mrazek without a rebound.
1:10 of 2nd period - Tyler Seguin wins face-off versus Matt Duchene in Panthers zone.
2:01 of 2nd period - Slapshot by Linus Omark.
2:01 of 2nd period - Shot Misses the Net.
2:03 of 2nd period - Slapshot by Linus Omark.
2:03 of 2nd period - Goal by Linus Omark - Devils : 2 - Panthers : 2.
2:04 of 2nd period - Matt Duchene wins face-off versus Tyler Seguin in neutral zone.
2:35 of 2nd period - Slapshot by Matt Duchene.
2:35 of 2nd period - Stopped by Keith Kinkaid with a rebound.
2:43 of 2nd period - Wrist shot by Shea Weber.
2:43 of 2nd period - Shot Blocked by Marek Svatos.
2:59 of 2nd period - Slapshot by Matt Duchene.
2:59 of 2nd period - Stopped by Keith Kinkaid without a rebound.
3:00 of 2nd period - Tyler Seguin wins face-off versus Travis Zajac in Devils zone.
3:02 of 2nd period - Minor Penalty to Tyler Seguin for Tripping.
3:03 of 2nd period - Riley Sheahan wins face-off versus David Booth in Devils zone.
3:03 of 2nd period - Riley Sheahan is hit by Travis Zajac.
4:50 of 2nd period - Johnny Gaudreau is hit by Matt Irwin.
5:02 of 2nd period - Penalty to Tyler Seguin is over, Tyler Seguin is back on ice.
5:29 of 2nd period - Linus Omark is hit by Johnny Gaudreau and loses puck.
6:01 of 2nd period - Rostislav Olesz is hit by Travis Zajac and loses puck.
6:16 of 2nd period - Slapshot by Steve Montador.
6:16 of 2nd period - Shot Blocked by Tobias Enstrom.
6:41 of 2nd period - Brady Skjei is hit by Kyle Wellwood and loses puck.
6:54 of 2nd period - Matt Irwin is hit by Anthony Stewart.
7:20 of 2nd period - Lubomir Visnovsky is hit by Marian Hossa and loses puck.
7:31 of 2nd period - Brandon Gormley is hit by Marian Hossa and loses puck.
7:45 of 2nd period - Travis Hamonic is hit by Erik Gudbranson and loses puck.
8:02 of 2nd period - Wrist shot by Riley Sheahan.
8:02 of 2nd period - Shot Blocked by Taylor Chorney.
8:23 of 2nd period - Gabriel Landeskog is hit by Alex Galchenyuk and loses puck.
8:36 of 2nd period - Slapshot by Marek Svatos.
8:36 of 2nd period - Stopped by Keith Kinkaid with a rebound.
8:48 of 2nd period - Wrist shot by Riley Sheahan.
8:48 of 2nd period - Shot Misses the Net.
8:56 of 2nd period - Snap shot by Gabriel Landeskog.
8:56 of 2nd period - Shot Hit the Post.
8:58 of 2nd period - Snap shot by Gabriel Landeskog.
8:58 of 2nd period - Stopped by Petr Mrazek with a rebound.
9:00 of 2nd period - Slapshot by Brandon Burlon.
9:00 of 2nd period - Shot Misses the Net.
9:12 of 2nd period - Snap shot by Riley Sheahan.
9:12 of 2nd period - Stopped by Petr Mrazek with a rebound.
9:14 of 2nd period - Slapshot by Ladislav Smid.
9:14 of 2nd period - Stopped by Petr Mrazek without a rebound.
9:15 of 2nd period - Travis Zajac wins face-off versus Tyler Seguin in Panthers zone.
10:10 of 2nd period - Wrist shot by Tyler Bozak.
10:10 of 2nd period - Shot Misses the Net.
10:12 of 2nd period - Wrist shot by Tyler Bozak.
10:12 of 2nd period - Deflect By Drew Stafford.
10:12 of 2nd period - Shot Misses the Net.
10:12 of 2nd period - Puck is out of play.
10:13 of 2nd period - Tyler Bozak wins face-off versus Travis Zajac in Panthers zone.
10:17 of 2nd period - Minor Penalty to David Booth for Hooking.
10:18 of 2nd period - Tyler Seguin wins face-off versus Travis Zajac in Panthers zone.
10:24 of 2nd period - Wrist shot by Rostislav Olesz.
10:24 of 2nd period - Stopped by Petr Mrazek without a rebound.
10:25 of 2nd period - Travis Zajac wins face-off versus Tyler Seguin in Panthers zone.
10:40 of 2nd period - Snap shot by Johnny Gaudreau.
10:40 of 2nd period - Shot Misses the Net.
11:43 of 2nd period - Snap shot by Drew Stafford.
11:43 of 2nd period - Shot Misses the Net.
11:45 of 2nd period - Snap shot by Kyle Wellwood.
11:45 of 2nd period - Stopped by Keith Kinkaid with a rebound.
12:05 of 2nd period - Chad Larose is hit by Tyler Seguin and loses puck.
12:17 of 2nd period - Penalty to David Booth is over, David Booth is back on ice.
12:18 of 2nd period - Chad Larose is hit by Brady Skjei and loses puck.
15:45 of 2nd period - Lubomir Visnovsky is hit by Rostislav Olesz and loses puck.
15:52 of 2nd period - Tyler Bozak is hit by Matt Duchene.
16:02 of 2nd period - Wrist shot by Marek Svatos.
16:02 of 2nd period - Stopped by Keith Kinkaid without a rebound.
16:03 of 2nd period - Travis Zajac wins face-off versus Tyler Seguin in Devils zone.
16:30 of 2nd period - Snap shot by Riley Sheahan.
16:30 of 2nd period - Stopped by Petr Mrazek with a rebound.
16:32 of 2nd period - Slapshot by Shea Weber.
16:32 of 2nd period - Shot Misses the Net.
16:34 of 2nd period - Slapshot by Shea Weber.
16:34 of 2nd period - Stopped by Petr Mrazek with a rebound.
16:52 of 2nd period - Snap shot by Patrick Eaves.
16:52 of 2nd period - Stopped by Keith Kinkaid without a rebound.
16:53 of 2nd period - Travis Zajac wins face-off versus Tyler Seguin in Devils zone.
16:58 of 2nd period - Snap shot by Chad Larose.
16:58 of 2nd period - Shot Misses the Net.
17:00 of 2nd period - Snap shot by David Booth.
17:00 of 2nd period - Shot Misses the Net.
17:02 of 2nd period - Snap shot by Erik Gudbranson.
17:02 of 2nd period - Stopped by Keith Kinkaid with a rebound.
17:04 of 2nd period - Slapshot by Erik Gudbranson.
17:04 of 2nd period - Stopped by Keith Kinkaid without a rebound.
17:05 of 2nd period - Travis Zajac wins face-off versus Tyler Seguin in Devils zone.
17:08 of 2nd period - Snap shot by Travis Zajac.
17:08 of 2nd period - Goal by Travis Zajac - Devils : 2 - Panthers : 3.
17:09 of 2nd period - Travis Zajac wins face-off versus Tyler Seguin in neutral zone.
17:27 of 2nd period - Johnny Gaudreau is hit by Travis Zajac.
17:37 of 2nd period - Alex Galchenyuk is hit by Gabriel Landeskog and loses puck.
18:05 of 2nd period - Wrist shot by Erik Gudbranson.
18:05 of 2nd period - Shot Blocked by Tobias Enstrom.
18:22 of 2nd period - Off-side.
18:23 of 2nd period - Tyler Seguin wins face-off versus Travis Zajac in neutral zone.
18:52 of 2nd period - Snap shot by Ladislav Smid.
18:52 of 2nd period - Stopped by Petr Mrazek without a rebound.
18:53 of 2nd period - Matt Duchene wins face-off versus Riley Sheahan in Panthers zone.
19:39 of 2nd period - Tobias Enstrom is hit by Stephen Weiss and loses puck.
Goals for this period are 0 for Devils vs 2 for Panthers.
Shots for this period are 10 for Devils vs 10 for Panthers.
3rd period
0:01 of 3rd period - Travis Zajac wins face-off versus Tyler Seguin in neutral zone.
0:26 of 3rd period - Travis Hamonic is hit by Marek Svatos and loses puck.
0:54 of 3rd period - Drew Stafford is hit by Shea Weber and loses puck.
1:15 of 3rd period - Wrist shot by Kyle Wellwood.
1:15 of 3rd period - Stopped by Keith Kinkaid with a rebound.
1:17 of 3rd period - Slapshot by Taylor Chorney.
1:17 of 3rd period - Stopped by Keith Kinkaid without a rebound.
1:18 of 3rd period - Travis Zajac wins face-off versus Tyler Seguin in Devils zone.
1:19 of 3rd period - Slapshot by David Booth.
1:19 of 3rd period - Shot Misses the Net.
2:09 of 3rd period - Marek Svatos is hit by Tobias Enstrom.
2:23 of 3rd period - Snap shot by Marek Svatos.
2:23 of 3rd period - Deflect By Tobias Enstrom.
2:23 of 3rd period - Stopped by Keith Kinkaid without a rebound.
2:24 of 3rd period - Travis Zajac wins face-off versus Tyler Seguin in Devils zone.
2:51 of 3rd period - Steve Montador is hit by Kellan Lain and loses puck.
3:42 of 3rd period - Matt Irwin is hit by Marian Hossa and loses puck.
4:37 of 3rd period - Snap shot by Travis Zajac.
4:37 of 3rd period - Shot Misses the Net.
5:06 of 3rd period - Backhand shot by Matt Irwin.
5:06 of 3rd period - Deflect By Travis Zajac.
5:06 of 3rd period - Shot Hit the Post.
5:06 of 3rd period - Puck is out of play.
5:07 of 3rd period - Matt Duchene wins face-off versus Tyler Seguin in Devils zone.
5:32 of 3rd period - Marian Hossa is hit by Linus Omark and loses puck.
5:56 of 3rd period - Icing by Travis Hamonic.
5:57 of 3rd period - Kyle Wellwood wins face-off versus Riley Sheahan in Devils zone.
6:40 of 3rd period - Snap shot by Kyle Wellwood.
6:40 of 3rd period - Stopped by Keith Kinkaid without a rebound.
6:41 of 3rd period - Tyler Seguin wins face-off versus Matt Duchene in Devils zone.
6:46 of 3rd period - Snap shot by Viktor Arvidsson.
6:46 of 3rd period - Stopped by Petr Mrazek with a rebound.
6:54 of 3rd period - Wrist shot by Tyler Seguin.
6:54 of 3rd period - Deflect By Johnny Gaudreau.
6:54 of 3rd period - Stopped by Petr Mrazek with a rebound.
7:08 of 3rd period - Jordan Caron is hit by Linus Omark and loses puck.
7:16 of 3rd period - Icing by Kevin Porter.
7:17 of 3rd period - Travis Zajac wins face-off versus Kevin Porter in Devils zone.
9:10 of 3rd period - Snap shot by Kellan Lain.
9:10 of 3rd period - Shot Misses the Net.
9:12 of 3rd period - Slapshot by Tobias Enstrom.
9:12 of 3rd period - Shot Misses the Net.
9:14 of 3rd period - Slapshot by Kellan Lain.
9:14 of 3rd period - Shot Misses the Net.
9:24 of 3rd period - Wrist shot by Kellan Lain.
9:24 of 3rd period - Shot Misses the Net.
9:26 of 3rd period - Slapshot by Shea Weber.
9:26 of 3rd period - Stopped by Petr Mrazek with a rebound.
9:34 of 3rd period - Snap shot by Kellan Lain.
9:34 of 3rd period - Stopped by Petr Mrazek with a rebound.
9:36 of 3rd period - Slapshot by Jordan Caron.
9:36 of 3rd period - Stopped by Petr Mrazek without a rebound.
9:37 of 3rd period - Matt Duchene wins face-off versus Tyler Seguin in Panthers zone.
10:10 of 3rd period - Linus Omark is hit by Marian Hossa and loses puck.
10:20 of 3rd period - Minor Penalty to Brady Skjei for Hooking.
10:21 of 3rd period - Riley Sheahan wins face-off versus Matt Duchene in Devils zone.
10:21 of 3rd period - Riley Sheahan is hit by Marek Svatos.
11:17 of 3rd period - Slapshot by Erik Gudbranson.
11:17 of 3rd period - Stopped by Keith Kinkaid with a rebound.
11:19 of 3rd period - Wrist shot by Daniel Paille.
11:19 of 3rd period - Shot Blocked by Brandon Burlon.
12:20 of 3rd period - Penalty to Brady Skjei is over, Brady Skjei is back on ice.
12:42 of 3rd period - Erik Gudbranson is hit by Anthony Stewart and loses puck.
12:51 of 3rd period - Minor Penalty to Tyler Bozak for Elbowing.
12:52 of 3rd period - Matt Duchene wins face-off versus Riley Sheahan in Devils zone.
13:15 of 3rd period - Snap shot by Drew Stafford.
13:15 of 3rd period - Shot Misses the Net.
13:17 of 3rd period - Wrist shot by Drew Stafford.
13:17 of 3rd period - Shot Blocked by Shea Weber.
13:19 of 3rd period - Slapshot by Brandon Gormley.
13:19 of 3rd period - Shot Blocked by Shea Weber.
13:34 of 3rd period - Icing by Alex Galchenyuk.
13:35 of 3rd period - Matt Duchene wins face-off versus Kevin Porter in Panthers zone.
14:51 of 3rd period - Penalty to Tyler Bozak is over, Tyler Bozak is back on ice.
15:05 of 3rd period - Tyler Seguin is hit by Kyle Wellwood and loses puck.
15:43 of 3rd period - Chad Larose is hit by Travis Hamonic and loses puck.
17:15 of 3rd period - Snap shot by Linus Omark.
17:15 of 3rd period - Deflect By Stephen Weiss.
17:15 of 3rd period - Shot Blocked by Johnny Gaudreau.
17:15 of 3rd period - Puck is out of play.
17:16 of 3rd period - Matt Duchene wins face-off versus Tyler Seguin in Devils zone.
17:23 of 3rd period - Snap shot by Alex Galchenyuk.
17:23 of 3rd period - Stopped by Keith Kinkaid without a rebound.
17:24 of 3rd period - Kevin Porter wins face-off versus Matt Duchene in Devils zone.
17:36 of 3rd period - Wrist shot by Marek Svatos.
17:36 of 3rd period - Stopped by Keith Kinkaid with a rebound.
17:38 of 3rd period - Wrist shot by Alex Galchenyuk.
17:38 of 3rd period - Stopped by Keith Kinkaid with a rebound.
17:45 of 3rd period - Minor Penalty to Brandon Burlon for Tripping.
17:46 of 3rd period - Matt Duchene wins face-off versus Riley Sheahan in Devils zone.
18:17 of 3rd period - Wrist shot by Drew Stafford.
18:17 of 3rd period - Shot Blocked by Kevin Porter.
18:21 of 3rd period - Slapshot by Travis Zajac.
18:21 of 3rd period - Shot Blocked by Kellan Lain.
18:23 of 3rd period - Slapshot by Erik Gudbranson.
18:23 of 3rd period - Shot Blocked by Kevin Porter.
19:45 of 3rd period - Penalty to Brandon Burlon is over, Brandon Burlon is back on ice.
19:54 of 3rd period - Devils, Keith Kinkaid is pulled from the net.
Goals for this period are 0 for Devils vs 0 for Panthers.
Shots for this period are 5 for Devils vs 8 for Panthers.
Back to the Top